 Dungeon Crawl Stone Soup version 0.27-a0-1506-g6a8ace0 (webtiles) character file.

Game seed: 1158191944830221426

10011 Illumine the Covert (level 11, -2/56 HPs)
             Began as a Spriggan Enchanter on July 6, 2021.
             Was a Follower of Dithmenos.
             Slain by a komodo dragon (31 damage)
             ... on level 1 of the Lair of Beasts on July 8, 2021.
             The game lasted 00:29:06 (13718 turns).

Illumine the Covert (Spriggan Enchanter)           Turns: 13718, Time: 00:29:07

Health: -2/56      AC:  3    Str:  5    XL:     11   Next: 30%
Magic:  16/23      EV: 26    Int: 19    God:    Dithmenos [*.....]
Gold:   460        SH:  0    Dex: 16    Spells: 12/25 levels left

rFire    . . .     SeeInvis +   a - +1 dagger
rCold    . . .     Faith    .   (shield restricted)
rNeg     + . .     Spirit   .   x - +1 robe {rN+}
rPois    .         Reflect  .   (helmet restricted)
rElec    .         Harm     .   N - scarf {+Inv}
rCorr    .         Rampage  .   (gloves unavailable)
Will     +....                  (boots unavailable)
Stlth    ++++++....             K - amulet of magic regeneration
HPRegen  0.18/turn              B - +4 ring of evasion
MPRegen  0.43/turn              M - ring of wizardry

@: wreathed by umbra, very quick
A: very small, no large weapons, unfitting armour, see invisible, speed 3
a: Renounce Religion, Evoke Invisibility


You were on level 1 of the Lair of Beasts.
You worshipped Dithmenos.
Dithmenos was aware of your devotion.
You visited 3 branches of the dungeon, and saw 12 of its levels.

You collected 735 gold pieces.
You spent 275 gold pieces at shops.

Inventory:

Hand Weapons
 a - a +1 dagger (weapon)
 p - the +3 trident of Uma Gea {vorpal, rF+}
   (You found it on level 4 of the Dungeon)

   It inflicts extra damage upon your enemies.
   rF:        It protects you from fire.
Missiles
 c - 294 stones
 r - 2 throwing nets
 y - 5 boomerangs of dispersal
Armour
 k - a +0 buckler
 x - a +1 robe of positive energy (worn)
 z - the +0 cloak "Wuenel" {Harm Dex+5}
   (You bought it in a shop on level 7 of the Dungeon)

   Dex:       It affects your dexterity (+5).
   Harm:      It increases damage dealt and taken.
 N - a scarf of invisibility (worn)
Jewellery
 l - a ring of resist corrosion
 B - a +4 ring of evasion (left hand)
 K - an amulet of magic regeneration (around neck)
 M - a ring of wizardry (right hand)
Wands
 A - a wand of paralysis (34)
 E - a wand of flame (9)
 G - a wand of iceblast (16)
 I - a wand of polymorph (6)
Scrolls
 d - 3 scrolls of vulnerability {unknown}
 h - a scroll of fear {unknown}
 j - 5 scrolls of teleportation {unknown}
 n - 3 scrolls of brand weapon {unknown}
 q - 3 scrolls of immolation
 s - 5 scrolls of amnesia {unknown}
 t - a scroll of enchant armour {unknown}
 v - 2 scrolls of acquirement {unknown}
 J - 2 scrolls of enchant weapon {unknown}
Potions
 e - 6 potions of attraction
 f - a potion of degeneration {unknown}
 g - 2 potions of flight
 i - 2 potions of mutation
 o - 2 potions of lignification
 u - 3 potions of curing
 w - 3 potions of haste
 C - 2 potions of brilliance
 D - a potion of ambrosia {unknown}
 F - a potion of cancellation {unknown}
 H - 2 potions of invisibility
 L - a potion of heal wounds {unknown}


   Skills:
 + Level 5.3 Fighting
 + Level 8.0 Short Blades
 + Level 9.0 Dodging
 + Level 13.0 Stealth
 + Level 7.5 Spellcasting
 + Level 3.2 Conjurations
 + Level 5.6 Hexes
 - Level 3.4 Air Magic
 - Level 5.1 Poison Magic
 + Level 1.3 Evocations


You had 12 spell levels left.
You knew the following spells:

 Your Spells              Type           Power      Damage    Failure   Level
a - Corona                Hex            31%        N/A       1%          1
b - Ensorcelled Hibernat  Hex/Ice        34%        N/A       1%          2
c - Confusing Touch       Hex            28%        N/A       1%          3
d - Tukima's Dance        Hex            28%        N/A       1%          3
e - Mephitic Cloud        Conj/Pois/Air  22%        N/A       2%          3
f - Apportation           Tloc           14%        N/A       4%          1

Your spell library contained the following spells:

 Spells                   Type           Power      Damage    Failure   Level
 Dazzling Flash           Conj/Hex       48%        N/A       1%          3
 Animate Skeleton         Necr           14%        N/A       4%          1
 Beastly Appendage        Tmut           14%        N/A       4%          1
 Freeze                   Ice            28%        1d5       4%          1
 Summon Small Mammal      Summ           28%        N/A       4%          1
 Spider Form              Tmut/Pois      8%         N/A       4%          3
 Sublimation of Blood     Necr           3%         N/A       6%          2
 Wereblood                Tmut           7%         N/A       6%          2
 Ignite Poison            Fire/Tmut/Pois 13%        N/A       6%          3
 Frozen Ramparts          Ice            14%        1d3       12%         3
 Hailstorm                Conj/Ice       13%        3d5       21%         4
 Petrify                  Tmut/Erth      7%         N/A       34%         4
 Irradiate                Conj/Tmut      6%         3d16      45%         5
 Bolt of Magma            Conj/Fire/Erth 5%         4d5       52%         5


Dungeon Overview and Level Annotations

Branches:
Dungeon (10/15)            Temple (1/1) D:6            Lair (1/6) D:10
    Orc (0/2) D:9

Altars:
Ashenzari
Cheibriados
Dithmenos
Elyvilon
Fedhas
Gozag
Hepliaklqana
Kikubaaqudgha
Makhleb
Nemelex Xobeh
Okawaru
Qazlal
Ru
Sif Muna
Trog
Uskayaw
Vehumet
Wu Jian
Xom
Yredelemnul
Zin
The Shining One

Shops:
D:3 (   D:7 *

Annotations:
D:10 3 runed translucent doors, RazingBull's ghost, journeyman MiBe


Innate Abilities, Weirdness & Mutations

You are very small and have problems with some larger weapons.
You are too small for most types of armour.
You have supernaturally acute eyesight. (SInv)
You cover ground extremely quickly. (Speed+++)


Message History

You start resting.
HP restored.
Found a falchion.
You see here a +0 falchion.
A water moccasin comes into view.
A water moccasin is nearby!
The helpless water moccasin fails to defend itself.
You stick the water moccasin like a pincushion!!!!
You kill the water moccasin!
Dithmenos accepts your kill.
Your Short Blades skill increases to level 8!
A komodo dragon comes into view.
The komodo dragon hisses angrily.
The komodo dragon hisses menacingly.
Casting: Confusing Touch (safe; 1% risk of failure)
Confirm with . or Enter, or press ? or * to list all spells.
Aiming: Ensorcelled Hibernation (safe; 1% risk of failure)
Press: ? - help, Shift-Dir - straight line, f - komodo dragon
Aim: a komodo dragon (chance to affect: 30%)
The komodo dragon easily resists.
Casting: Ensorcelled Hibernation (safe; 1% risk of failure)
Confirm with . or Enter, or press ? or * to list all spells.
Aiming: Ensorcelled Hibernation (safe; 1% risk of failure)
Press: ? - help, Shift-Dir - straight line, f/p - komodo dragon
Aim: a komodo dragon (umbra, chance to affect: 30%)
The komodo dragon easily resists.
The komodo dragon barely misses you.
Casting: Ensorcelled Hibernation (safe; 1% risk of failure)
Confirm with . or Enter, or press ? or * to list all spells.
Aiming: Ensorcelled Hibernation (safe; 1% risk of failure)
Press: ? - help, Shift-Dir - straight line, f/p - komodo dragon
Aim: a komodo dragon (umbra, chance to affect: 30%)
The komodo dragon easily resists.
The komodo dragon bites you!!
Casting: Ensorcelled Hibernation (safe; 1% risk of failure)
Confirm with . or Enter, or press ? or * to list all spells.
Aiming: Ensorcelled Hibernation (safe; 1% risk of failure)
Press: ? - help, Shift-Dir - straight line, f/p - komodo dragon
Aim: a komodo dragon (umbra, chance to affect: 30%)
The komodo dragon easily resists.
The komodo dragon bites you!!
Ouch! That really hurt!
You die...

##[...# #
#P...## ..##
###...# ...#
#.....# ##...
##....## #...##
##...### #....#
##...## #...#
#...## ##l.#
....# ##.@.#
...## ##....#
.>.# ###....##
.### #.....##
.# ##.....# .#
##....### .##
#....## ..#
###..P#.#
.######...#####


You could see a komodo dragon.

Vanquished Creatures
  Pikel (D:8)
  Joseph (D:8)
  Maggie (D:8)
  3 trolls
  Sigmund (D:6)
  2 wraiths (D:10)
  A wyvern (D:10)
  24 yaks
  Grum (D:8)
  A basilisk (Lair:1)
  2 acid dragons
  An orc warrior (D:9)
  A sky beast (D:8)
  6 water moccasins (Lair:1)
  An ice beast (D:8)
  2 necrophages
  A black bear (D:3)
  3 ogres
  2 wolves
  2 centaurs
  A phantom (D:5)
  A kobold brigand (D:8)
  Blork the orc (D:6)
  4 bullfrogs
  A gnoll sergeant (D:8)
  3 scorpions
  7 killer bees
  A water moccasin skeleton (D:5)
  3 wights (D:9)
  5 howler monkeys
  3 centaur zombies
  3 hounds
  7 orc priests
  A bullfrog skeleton (D:6)
  A centaur skeleton (D:6)
  A gnoll shaman (D:10)
  A jelly (D:6)
  Crazy Yiuf (D:5)
  Jessica (D:3)
  Terence (D:2)
  6 orc wizards
  A hound skeleton (D:5)
  8 gnolls
  13 adders
  A shadow imp (D:7)
  2 white imps (D:7)
  An ufetubus (D:5)
  3 worms
  3 dart slugs
  17 orcs
  9 ball pythons
  8 endoplasms
  6 giant cockroaches
  3 goblins
  2 hobgoblins
  5 quokkas
  11 bats
  9 frilled lizards
  10 kobolds
  7 rats
229 creatures vanquished.

Vanquished Creatures (collateral kills)
  An ogre (D:5)
1 creature vanquished.

Vanquished Creatures (others)
  3 fungi (Lair:1)
  A plant (Lair:1)
4 creatures vanquished.

Grand Total: 234 creatures vanquished

Notes
Turn   | Place    | Note
-------+----------+-------------------------------------------
     0 | D:1      | Illumine the Spriggan Enchanter began the quest for the
                  | Orb.
     0 | D:1      | Reached XP level 1. HP: 9/9 MP: 5/5
   237 | D:1      | Reached XP level 2. HP: 13/13 MP: 6/6
   251 | D:1      | Learned a level 2 spell: Ensorcelled Hibernation
   641 | D:1      | Reached skill level 5 in Stealth
   834 | D:2      | Reached XP level 3. HP: 1/16 MP: 6/8
  1416 | D:2      | Noticed Terence
  1511 | D:2      | Killed Terence
  1512 | D:2      | Reached skill level 6 in Stealth
  1512 | D:2      | Reached XP level 4. HP: 19/21 MP: 3/9
  2176 | D:3      | Noticed Jessica
  2179 | D:3      | Noticed a black bear
  2579 | D:3      | Reached XP level 5. HP: 24/24 MP: 10/10
  2583 | D:3      | Killed Jessica
  2703 | D:3      | Killed a black bear
  2704 | D:3      | Reached skill level 7 in Stealth
  2732 | D:3      | Learned a level 3 spell: Confusing Touch
  2736 | D:3      | Learned a level 3 spell: Tukima's Dance
  2788 | D:3      | Reached XP level 6. HP: 22/29 MP: 7/12
  3073 | D:3      | Found Zudd's Antique Weapon Emporium.
  3167 | D:4      | Identified the +3 trident of Uma Gea {vorpal, rF+}
  3434 | D:4      | Reached skill level 1 in Fighting
  3787 | D:4      | Found a broken altar of Ashenzari.
  3789 | D:4      | Found an opulent altar of Gozag.
  3872 | D:4      | Upgraded the game from 0.27-a0-1497-gf8f22f7 to
                  | 0.27-a0-1501-g9d6fb14
  4099 | D:5      | Entered Level 5 of the Dungeon
  4293 | D:5      | Reached XP level 7. HP: 22/33 MP: 9/14
  4678 | D:5      | Reached skill level 8 in Stealth
  4712 | D:5      | Found a radiant altar of Vehumet.
  5379 | D:5      | Found a shimmering altar of Xom.
  5443 | D:5      | Found a runed translucent door.
  5444 | D:5      | Noticed Crazy Yiuf
  5457 | D:5      | Killed Crazy Yiuf
  5581 | D:5      | Found a shimmering blue altar of Sif Muna.
  5702 | D:6      | Reached skill level 5 in Spellcasting
  5936 | D:6      | Found a staircase to the Ecumenical Temple.
  5944 | Temple   | Entered the Ecumenical Temple
  6185 | D:6      | Upgraded the game from 0.27-a0-1501-g9d6fb14 to
                  | 0.27-a0-1506-g6a8ace0
  6201 | D:6      | Reached skill level 5 in Hexes
  6201 | D:6      | Reached XP level 8. HP: 32/39 MP: 13/16
  6312 | D:6      | Reached skill level 5 in Dodging
  6384 | D:6      | Noticed Blork the orc
  6399 | D:6      | Killed Blork the orc
  6400 | D:6      | Reached skill level 5 in Short Blades
  6472 | D:6      | Noticed Sigmund
  6638 | D:5      | Reached skill level 9 in Stealth
  7236 | D:7      | Found Cammeuk's Assorted Antiques.
  7242 | D:7      | Bought a scorched cloak for 275 gold pieces
  7242 | D:7      | Identified the +0 cloak "Wuenel" {Harm Dex+5} (You bought
                  | it in a shop on level 7 of the Dungeon)
  7588 | D:7      | Found a snail-covered altar of Cheibriados.
  7904 | D:7      | Reached skill level 10 in Stealth
  8421 | D:8      | Noticed Pikel
  8427 | D:8      | Killed Pikel
  8428 | D:8      | Reached skill level 11 in Stealth
  8428 | D:8      | Reached XP level 9. HP: 44/44 MP: 14/17
  8493 | D:8      | Learned a level 3 spell: Mephitic Cloud
  8501 | D:8      | Noticed Joseph
  8535 | D:8      | Killed Joseph
  8536 | D:8      | Reached skill level 1 in Poison Magic
  8777 | D:8      | Found a burning altar of Makhleb.
  8880 | D:8      | Noticed Grum
  8890 | D:8      | Killed Grum
  8891 | D:8      | Reached skill level 1 in Air Magic
  9031 | D:8      | Reached skill level 1 in Conjurations
  9302 | D:8      | Noticed Maggie
  9316 | D:8      | Killed Maggie
 10237 | D:6      | Killed Sigmund
 10334 | D:9      | Found an ornate altar of the Wu Jian Council.
 10344 | D:9      | Reached XP level 10. HP: 51/51 MP: 16/20
 10364 | D:9      | Reached skill level 12 in Stealth
 10813 | D:9      | Found a staircase to the Orcish Mines.
 10991 | D:9      | Learned a level 1 spell: Apportation
 11320 | D:10     | Entered Level 10 of the Dungeon
 11603 | D:10     | Found a shadowy altar of Dithmenos.
 11678 | D:10     | Became a worshipper of Dithmenos the Shadowed
 11917 | D:10     | Found a runed translucent gate.
 11917 | D:10     | Found a runed translucent gate.
 11921 | D:10     | Found a runed translucent gate.
 11922 | D:10     | Noticed RazingBull's ghost (journeyman MiBe)
 12004 | D:10     | Found a staircase to the Lair.
 12416 | D:10     | Found a stormy altar of Qazlal.
 12825 | Lair:1   | Entered Level 1 of the Lair of Beasts
 12840 | Lair:1   | Reached skill level 5 in Fighting
 12863 | Lair:1   | Reached skill level 5 in Poison Magic
 12888 | D:10     | Reached * piety under Dithmenos
 12958 | D:10     | Reached XP level 11. HP: 40/55 MP: 20/22
 13171 | Lair:1   | Identified the +3 scale mail "Moys" {rF- rCorr Dex+6}
 13569 | Lair:1   | Reached skill level 1 in Evocations
 13610 | Lair:1   | Reached skill level 13 in Stealth
 13718 | Lair:1   | Slain by a komodo dragon

Illustrated notes

Levels and vault maps discovered:
D:1:      ebering_hopf_link, layout_basic, st_stairs_10, chequers_jeans,
          minmay_misc_feat_five, grunt_decor_junction, minivault_25
D:2:      layout_basic, feat_on_display, uniq_terence
D:3:      layout_rooms, serial_shops, nicolae_shop_overgrown_old_shop,
          uniq_jessica
D:4:      layout_loops_cross, jmf_multi_god_temple, minivault_27
D:5:      layout_gridville, xom_teletrap_fun, led_sif_pool,
          mainiacjoe_overflow_concentric_impassable, uniq_crazy_yiuf_cottage
D:6:      layout_cave_pools, minmay_temple_entry_drinking_statues, uniq_sigmund,
          uniq_blork_the_orc
D:7:      layout_loops_ring, kennysheep_mini_moat, serial_shops, shop,
          serial_aquarium, aquarium_bridge_square [aquarium_subvault_wall,
          aquarium_subvault_bridge, aquarium_subvault_window,
          aquarium_subvault_wall], aquarium_window_1, aquarium_window_fake,
          aquarium_window_1, aquarium_view_2d
D:8:      layout_basic, lemuel_doored_altar, uniq_maggie, uniq_grum,
          uniq_joseph, uniq_pikel
D:9:      layout_roguey, nicolae_wu_jian_wuxing_cycle, orc_0_dummy
D:10:     layout_long_grid, nicolae_dithmenos_shadow_blocks,
          nicolae_qazlal_scattered_showers, lair_entry_dummy,
          gammafunk_ghost_spectres
Temple:   minmay_temple_bridge_abc
Lair:1:   layout_concentric_octagons

Skill      XL: |  1  2  3  4  5  6  7  8  9 10 11 |
---------------+----------------------------------+-----
Short Blades   | 2 3 4 6 7 8 |  8.0
Stealth        | 5 6 7 8 11 12 13 | 13.0
Spellcasting   | 3 4 5 6 7 |  7.5
Hexes          | 4 5 |  5.6
Dodging        | 3 4 6 7 8 9 |  9.0
Fighting       | 1 2 3 4 5 |  5.3
Poison Magic   | 2 5 |  5.1
Air Magic      | 2 3 |  3.4
Conjurations   | 1 2 3 |  3.2
Evocations     | 1 |  1.3

Action                   |  1- 3 |  4- 6 |  7- 9 | 10-12 || total
-------------------------+-------+-------+-------+-------++-------
Melee: Dagger            |   108 |   139 |   209 |   161 ||   617
 Cast: Corona            |     6 |       |       |       ||     6
       Ensorcelled Hiber |    14 |    41 |    87 |    77 ||   219
       Confusing Touch   |       |     1 |    13 |     5 ||    19
       Tukima's Dance    |       |       |     1 |       ||     1
       Mephitic Cloud    |       |       |     1 |    10 ||    11
Evoke: Wand              |       |       |       |     2 ||     2
  Use: Scroll            |       |       |     7 |     2 ||     9
       Potion            |       |       |       |     1 ||     1
 Stab: Sleeping          |    16 |    35 |    56 |    45 ||   152
       Confused          |       |     2 |    15 |    21 ||    38
       Distracted        |       |       |     1 |       ||     1
Armor: Robe              |    15 |    11 |    14 |    11 ||    51
Dodge: Dodged            |   108 |    90 |   147 |   123 ||   468

Table legend: (Time is in decaauts)
 A = Elapsed time spent in this place.
 B = Non-inter-level travel time spent in this place.
 C = Inter-level travel time spent in this place.
 D = Time resting spent in this place.
 E = Time spent auto-exploring this place.
 F = Levels seen in this place.
 G = Mean time per level.
                   A        B        C        D        E       F      G
               +--------+--------+--------+--------+--------+-----+--------+
         Total |  10795 |  10315 |    480 |   4077 |   4216 |  12 |  899.6 |
       Dungeon |  10183 |   9728 |    455 |   3902 |   3977 |  10 | 1018.3 |
        Temple |    126 |    101 |     25 |      0 |     89 |   1 |  126.0 |
          Lair |    484 |    484 |      0 |    175 |    149 |   1 |  484.0 |
               +--------+--------+--------+--------+--------+-----+--------+

Top non-repeatable levels by time:
     D:5: 1479 daAuts
     D:9: 1218 daAuts
     D:2: 1206 daAuts
     D:8: 1141 daAuts
    D:10: 1023 daAuts
     D:7: 962 daAuts
     D:4: 945 daAuts
     D:1: 752 daAuts
     D:6: 750 daAuts
     D:3: 704 daAuts
  Lair:1: 484 daAuts
  Temple: 126 daAuts
